 Dungeon Sprint DCSS version 0.30-a0-1053-gbd8d5ba0ad (webtiles) character file.

Game seed: 15304147768875138541

205 fozzywoppz the Trooper (level 6, -3/56 HPs)
             Began as a Formicid Fighter on Apr 12, 2023.
             Killed from afar by a deep elf pyromancer (24 damage)
             ... with a bolt of fire
             ... in the Dungeon (Sprint III: "The Ten Rune Challenge").
             The game lasted 00:02:20 (396 turns).

fozzywoppz the Trooper (Formicid Fighter)            Turns: 396, Time: 00:02:20

Health: -3/56      AC:  8    Str: 23    XL:     6   Next: 9%
Magic:  6/6        EV:  9    Int:  7    God:
Gold:   37         SH:  5    Dex: 13    Spells: 5/5 levels left

rFire   . . .      SeeInvis +    a - +0 war axe
rCold   . . .      Faith    .    c - +0 buckler
rNeg    . . .      Spirit   .    b - +0 scale mail
rPois   .          Reflect  .    (helmet unavailable)
rElec   .          Rampage  .    (no cloak)
rCorr   .          Clarity  +    (no gloves)
Will    .....                    (no boots) Stlth
                                 (no amulet)
HPRegen 0.29/turn                (no ring)
MPRegen 0.10/turn                (no ring)

@: mighty, attractive
A: permanent stasis, dig shafts and tunnels, antennae 3, four strong arms,
clarity, MP-powered wands
a: Dig


You were in the Dungeon.
You visited 1 branch You collected 37 gold pieces.

Inventory:

Hand Weapons
 a - a +0 war axe (weapon)
Armour
 b - a +0 scale mail (worn)
 c - a +0 buckler (worn)
Scrolls
 h - 2 scrolls of blinking
 l - a scroll of immolation {unknown}
Potions
 e - a potion of curing
 g - 2 potions of magic
 m - 3 potions of flight


   Skills:
 + Level 7.8 Fighting
 + Level 6.6 Axes
 + Level 7.6 Armour
 - Level 6.0 Shields


You had 5 spell levels left.
You didn't know any spells.
Your spell library contained the following spells:

 Spells                   Type           Power      Damage    Failure   Level
 Sublimation of Blood     Necr           0%         N/A       88%         2
 Petrify                  Tmut/Erth      0%         N/A       100%        4
 Irradiate                Conj/Tmut      0%         3d11      100%        5


Dungeon Overview and Level Annotations

Branches:
Dungeon (1/1)

Altars:
Elyvilon
Kikubaaqudgha
Sif Muna
Vehumet
Zin
The Shining One


Innate Abilities, Weirdness & Mutations

You cannot be hasted, slowed, berserked, paralysed or teleported.
You can dig through walls and to a lower floor.
You have a pair of large antennae on your head. (SInv)
Your four strong arms can wield two-handed weapons with a shield.
You possess an exceptional clarity of mind.
You expend magic power (3 MP) to strengthen your wands.


Message History

The deep elf pyromancer gestures at you while chanting.
The bolt of fire misses you.
There is an open door here.
The deep elf pyromancer hits you with a +1 long sword of holy wrath!
You closely miss the deep elf pyromancer.
The deep elf pyromancer hits you but does no damage.
You closely miss the deep elf pyromancer.
The deep elf pyromancer hits you with a +1 long sword of holy wrath.
The deep elf pyromancer hits you with a +1 long sword of holy wrath!
You barely miss the deep elf pyromancer.
The deep elf pyromancer points at you and mumbles some strange words.
The sticky flame hits you.
You are covered in liquid flames!
You closely miss the deep elf pyromancer.
You are covered in liquid flames!
You block the deep elf pyromancer's attack.
You hit the deep elf pyromancer.
The deep elf pyromancer is lightly wounded.
You are covered in liquid flames!
The deep elf pyromancer hits you with a +1 long sword of holy wrath!
You slash the deep elf pyromancer!
The deep elf pyromancer is moderately wounded.
You are covered in liquid flames!
The deep elf pyromancer hits you with a +1 long sword of holy wrath.
* * * LOW HITPOINT WARNING * * *
It was a potion of attraction.
You feel attractive to monsters.
The deep elf pyromancer points at you and mumbles some strange words.
The sticky flame misses you.
Okay, then.
You feel better.
The deep elf pyromancer hits you with a +1 long sword of holy wrath.
You feel very mighty all of a sudden.
The deep elf pyromancer closely misses you.
You slash the deep elf pyromancer!
The deep elf pyromancer is moderately wounded.
The deep elf pyromancer hits you but does no damage.
The deep elf pyromancer gestures at you while chanting.
The bolt of fire hits you!!
You die...

▓▓▓▓▓ ▓▓▓ #...####
##.#####
#...)..#####..#___# {
#.......#..#..#e@.# { {{
##.##...#..#..###'#+###+##
##.###..##'#..#..........#
###.##..###...'.⌠........#
#..##.†####...#...######+#
...##..###....#.⌠.# {
..##...##.....#.).# {
.##....#......#'###
###..##.#.....#)..#


You could see a deep elf pyromancer.

Vanquished Creatures
  A water elemental (D)
  A scorpion (D)
  Jessica (D)
  A wizard (D)
  A human (D)
  A kobold demonologist (D)
  3 rats (D)
9 creatures vanquished.

Notes
Turn   | Place    | Note
-------+----------+-------------------------------------------
     0 | D        | fozzywoppz the Formicid Fighter began the quest for the
                  | Orb.
     0 | D        | Reached XP level 1. HP: 18/18 MP: 1/1
    23 | D        | Noticed Jessica
    32 | D        | Killed Jessica
    33 | D        | Reached skill level 5 in Shields
    33 | D        | Reached XP level 2. HP: 24/26 MP: 2/2
    33 | D        | Reached XP level 3. HP: 29/31 MP: 3/3
    48 | D        | Noticed a scorpion
    57 | D        | Killed a scorpion
    58 | D        | Reached skill level 5 in Fighting
    58 | D        | Reached skill level 5 in Armour
    58 | D        | Reached XP level 4. HP: 25/40 MP: 4/4
    66 | D        | Reached skill level 5 in Axes
    66 | D        | Reached XP level 5. HP: 18/46 MP: 5/5
   190 | D        | Gained mutation: You occasionally lose the ability to drink
                  | potions when taking damage. [potion of mutation]
   190 | D        | Gained mutation: You are dopey. (Int -2) [potion of
                  | mutation]
   190 | D        | Gained mutation: You are resistant to electric shocks.
                  | (rElec) [potion of mutation]
   190 | D        | Gained mutation: Your spells are a little harder to cast,
                  | but a little more powerful. [potion of mutation]
   191 | D        | Lost mutation: You are resistant to electric shocks.
                  | (rElec) [potion of mutation]
   191 | D        | Lost mutation: You occasionally lose the ability to drink
                  | potions when taking damage. [potion of mutation]
   191 | D        | Gained mutation: You expend magic power (3 MP) to
                  | strengthen your wands. [potion of mutation]
   192 | D        | Lost mutation: You expend magic power (3 MP) to strengthen
                  | your wands. [potion of mutation]
   192 | D        | Lost mutation: You are dopey. (Int -2) [potion of mutation]
   192 | D        | Lost mutation: Your spells are a little harder to cast, but
                  | a little more powerful. [potion of mutation]
   192 | D        | Gained mutation: You expend magic power (3 MP) to
                  | strengthen your wands. [potion of mutation]
   192 | D        | Gained mutation: You possess an exceptional clarity of
                  | mind. [potion of mutation]
   212 | D        | Noticed a water elemental
   225 | D        | Killed a water elemental
   365 | D        | Found a radiant altar of Vehumet.
   365 | D        | Found a shimmering blue altar of Sif Muna.
   365 | D        | Found an ancient bone altar of Kikubaaqudgha.
   374 | D        | Reached XP level 6. HP: 51/56 MP: 6/6
   384 | D        | Found a glowing silver altar of Zin.
   384 | D        | Found a glowing golden altar of the Shining One.
   384 | D        | Found a white marble altar of Elyvilon.
   385 | D        | Noticed a deep elf pyromancer
   396 | D        | Killed from afar by a deep elf pyromancer

Illustrated notes

Levels and vault maps discovered:
D:        dungeon_sprint_mu [sprint_mu_entry_cave, sprint_mu_temple_rooms,
          sprint_mu_d1_horrors, sprint_mu_d2_genie, sprint_mu_d3_branching,
          sprint_mu_orc_legion, sprint_mu_elf_gauntlet, sprint_mu_hive_nellie,
          sprint_mu_lair_fedhas, sprint_mu_vaults_butterflies,
          sprint_mu_slime_circle, sprint_mu_shoals_kraken,
          sprint_mu_snake_twists, sprint_mu_blade_basic,
          sprint_mu_crypt_chambers, sprint_mu_tomb_spiral,
          sprint_mu_vestibule_basic, sprint_mu_gehenna_hellfire,
          sprint_mu_dis_giant, sprint_mu_tartarus_statrot,
          sprint_mu_cocytus_islands, sprint_mu_zot1]

Skill      XL: |  1  2  3  4  5 |
---------------+----------------+-----
Fighting       | 4 5 6 7 |  7.8
Axes           | 3 4 5 6 |  6.6
Armour         | 4 5 6 7 |  7.6
Shields        | 5 6 |  6.0

Action                     |  1- 3 |  4- 6 || total
---------------------------+-------+-------++-------
  Melee: War axe           |    14 |    29 ||    43
    Use: Potion            |     2 |     6 ||     8
         Scroll            |       |     2 ||     2
 Armour: Scale mail        |     4 |     8 ||    12
  Dodge: Dodged            |     4 |     9 ||    13
  Block: Buckler           |     6 |     9 ||    15

Table legend: (Time is in decaauts)
 A = Elapsed time spent in this place.
 B = Non-inter-level travel time spent in this place.
 C = Inter-level travel time spent in this place.
 D = Time resting spent in this place.
 E = Time spent auto-exploring this place.
 F = Levels seen in this place.
 G = Mean time per level.
                   A        B        C        D        E       F      G
               +--------+--------+--------+--------+--------+-----+--------+
         Total |    408 |    408 |      0 |    227 |      0 |   1 |  408.0 |
       Dungeon |    408 |    408 |      0 |    227 |      0 |   1 |  408.0 |
               +--------+--------+--------+--------+--------+-----+--------+

Top non-repeatable levels by time:
       D: 408 daAuts
